 Dungeon Crawl Stone Soup version 0.28.0 (webtiles) character file.

Game seed: 15382762127142883193

2576 Estrea the Cruncher (level 9, 0/78 HPs)
             Began as a Minotaur Gladiator on Feb 19, 2022.
             Slain by a gnoll (7 damage)
             ... on level 7 of the Dungeon.
             The game lasted 00:15:11 (6429 turns).

Estrea the Cruncher (Minotaur Gladiator)            Turns: 6429, Time: 00:15:12

Health: 0/78       AC: 11    Str: 20    XL:     9   Next: 32%
Magic:  17/17      EV: 10    Int:  5    God:
Gold:   305        SH:  0    Dex: 15    Spells: 8/8 levels left

rFire   . . .      SeeInvis .   a - +1 quarterstaff
rCold   . . .      Faith    .   (shield currently unavailable)
rNeg    . . .      Spirit   .   o - +0 chain mail
rPois   .          Reflect  .   c - +1 hat
rElec   .          Harm     .   (no cloak)
rCorr   +          Rampage  .   (no gloves)
Will    .....                   (no boots)
Stlth   ..........              x - amulet of regeneration
HPRegen 1.03/turn               q - ring of resist corrosion
MPRegen 0.15/turn               v - ring of magical power

@: no status effects
A: horns 2, retaliatory headbutt
a: no special abilities


You were on level 7 of the Dungeon.
You visited 2 branches of the dungeon, and saw 8 of its levels.

You collected 305 gold pieces.

Inventory:

Hand Weapons
 a - a +1 quarterstaff (weapon)
Missiles
 d - 2 throwing nets (quivered)
Armour
 c - a +1 hat (worn)
 o - a +0 chain mail (worn)
Jewellery
 q - a ring of resist corrosion (left hand)
 v - a ring of magical power (right hand)
 x - an amulet of regeneration (around neck)
Wands
 t - a wand of flame (27)
 u - a wand of polymorph (6)
Scrolls
 e - a scroll of noise {unknown}
 f - 3 scrolls of enchant armour
 g - 2 scrolls of blinking
 i - 3 scrolls of immolation {unknown}
 l - 2 scrolls of teleportation
 n - 2 scrolls of identify {unknown}
 p - a scroll of torment {unknown}
 s - a scroll of enchant weapon
Potions
 b - 3 potions of mutation {unknown}
 h - 3 potions of curing {unknown}
 j - 2 potions of ambrosia {unknown}
 k - a potion of lignification {unknown}
 m - 2 potions of attraction {unknown}
 r - a potion of heal wounds {unknown}
 w - 2 potions of might {unknown}


   Skills:
 * Level 6.5 Fighting
 * Level 10.8 Staves
 - Level 2.0 Throwing
 * Level 7.7 Armour
 * Level 5.9 Dodging


You had 8 spell levels left.
You didn't know any spells.
Your spell library contained the following spells:

 Spells                   Type           Power      Damage    Failure   Level
 Freeze                   Ice            0%         1d3       99%         1
 Magic Dart               Conj           0%         1d3       99%         1
 Blink                    Tloc           0%         N/A       100%        2
 Ensorcelled Hibernation  Hex/Ice        0%         N/A       100%        2
 Searing Ray              Conj           0%         2d4       100%        2
 Frozen Ramparts          Ice            0%         1d2       100%        3
 Spider Form              Tmut/Pois      0%         N/A       100%        3
 Anguish                  Hex/Necr       0%         N/A       100%        4
 Fulminant Prism          Conj/Hex       0%         3d6       100%        4
 Hailstorm                Conj/Ice       0%         3d3       100%        4
 Ice Form                 Ice/Tmut       0%         N/A       100%        4
 Summon Ice Beast         Ice/Summ       0%         N/A       100%        4
 Manifold Assault         Tloc           0%         N/A       100%        5
 Storm Form               Tmut/Air       0%         N/A       100%        7


Dungeon Overview and Level Annotations

Branches:
Dungeon (7/15)             Temple (1/1) D:6

Altars:
Ashenzari
Cheibriados
Elyvilon
Fedhas
Kikubaaqudgha
Makhleb
Qazlal
Ru
Trog
Wu Jian
Yredelemnul
The Shining One


Innate Abilities, Weirdness & Mutations

You have a pair of horns on your head.
You reflexively headbutt those who attack you in melee.


Message History

You headbutt the orc warrior, but do no damage.
You barely miss the orc warrior.
The gnoll hits you from afar with a +0 spear.
You hit the orc warrior.
You headbutt the orc warrior, but do no damage.
The orc warrior is lightly wounded.
The orc warrior hits you with a +0 mace!
The gnoll barely misses you.
You sock the orc warrior! Your headbutt misses the orc warrior.
The orc warrior is moderately wounded.
The orc warrior hits you with a +0 mace.
You barely miss the orc warrior.
The orc warrior is moderately wounded.
The gnoll hits you from afar with a +0 spear.
* * * LOW HITPOINT WARNING * * *
The orc warrior hits you with a +0 mace.
* * * LOW HITPOINT WARNING * * *
You hit the orc warrior. Your headbutt misses the orc warrior.
The orc warrior is heavily wounded.
The gnoll barely misses you.
You hit the orc warrior.
The orc warrior is heavily wounded.
The orc warrior barely misses you. The gnoll barely misses you.
You hit the orc warrior but do no damage.
The orc warrior is heavily wounded.
The orc warrior completely misses you.
You hit the orc warrior.
The orc warrior is severely wounded.
The gnoll misses you.
The orc warrior hits you with a +0 mace!
* * * LOW HITPOINT WARNING * * *
You hit the orc warrior.
The orc warrior is almost dead.
The gnoll hits you from afar with a +0 spear.
* * * LOW HITPOINT WARNING * * *
The orc warrior closely misses you.
You hit the orc warrior but do no damage.
The orc warrior is almost dead.
The gnoll hits you from afar with a +0 spear!
You die...

.
..##.............#
.
....#....####...###
###
..........#####.###
..#
............#.#..#
...
......(.........#
...
#............###
.###. ........#####
..... ##..#o....##
.#... #...#@#....#
..... #...))##.###
..... #..g...)...#
.....
............###
#.## #..#....###.#
.. ... ###### ###
##### ## ....#
....#


You could see an orc warrior and a gnoll.

Vanquished Creatures
  Pikel (D:5)
  2 water moccasins (D:7)
  A black bear (D:6)
  A necrophage (D:4)
  2 ogres (D:6)
  A centaur (D:7)
  A phantom (D:6)
  A gnoll sergeant (D:3)
  A kobold brigand (D:7)
  A bullfrog (D:7)
  3 scorpions
  A wyvern skeleton (D:5)
  2 centaur zombies (D:7)
  A hound (D:5)
  2 jellies
  4 orc priests
  2 bullfrog skeletons (D:5)
  2 gnoll shamans
  3 centaur skeletons
  5 iguanas
  A killer bee zombie (D:6)
  A howler monkey zombie (D:6)
  12 gnolls
  A howler monkey skeleton (D:6)
  10 adders
  A shadow imp (D:6)
  2 white imps
  An ufetubus (D:5)
  An adder skeleton (D:4)
  3 worms
  5 dart slugs
  10 orcs
  6 ball pythons
  8 endoplasms
  3 giant cockroaches
  3 goblins
  12 hobgoblins
  5 jackals (D:1)
  8 kobolds
  2 quokkas (D:3)
  7 bats
  4 frilled lizards (D:1)
  6 rats
149 creatures vanquished.

Notes
Turn   | Place    | Note
-------+----------+-------------------------------------------
     0 | D:1      | Estrea the Minotaur Gladiator began the quest for the Orb.
     0 | D:1      | Reached XP level 1. HP: 18/18 MP: 0/0
   162 | D:1      | Reached XP level 2. HP: 25/25 MP: 1/1
   274 | D:1      | Reached skill level 4 in Staves
   742 | D:1      | Reached skill level 1 in Armour
   742 | D:1      | Reached XP level 3. HP: 27/30 MP: 2/2
  1249 | D:2      | Reached XP level 4. HP: 37/38 MP: 3/3
  1374 | D:2      | Reached skill level 5 in Staves
  1584 | D:3      | Found a faded altar of an unknown god.
  2188 | D:3      | Noticed a gnoll sergeant
  2198 | D:3      | Reached XP level 5. HP: 41/45 MP: 4/4
  2218 | D:3      | Reached skill level 6 in Staves
  2529 | D:3      | Identified the +5 whip "Diseemet" {elec, rF- rN+ Int+3}
  3058 | D:4      | Reached XP level 6. HP: 50/51 MP: 5/5
  3395 | D:5      | Entered Level 5 of the Dungeon
  3625 | D:5      | Noticed Pikel
  3752 | D:5      | Reached skill level 7 in Staves
  3768 | D:5      | Reached XP level 7. HP: 44/59 MP: 6/6
  3828 | D:5      | Killed Pikel
  3829 | D:5      | Reached skill level 8 in Staves
  3829 | D:5      | Reached skill level 5 in Armour
  3829 | D:5      | Reached skill level 5 in Dodging
  3975 | D:5      | Reached XP level 8. HP: 59/67 MP: 7/7
  4056 | D:5      | Found a sacrificial altar of Ru.
  4489 | D:6      | Reached skill level 5 in Fighting
  4499 | D:6      | Reached skill level 9 in Staves
  5364 | D:6      | Reached skill level 10 in Staves
  5610 | D:6      | Found a staircase to the Ecumenical Temple.
  5616 | Temple   | Entered the Ecumenical Temple
  6084 | D:7      | Reached XP level 9. HP: 72/75 MP: 8/8
  6429 | D:7      | Slain by a gnoll

Illustrated notes

Levels and vault maps discovered:
D:1:      wander_arrival_chamber, layout_basic
D:2:      layout_rooms, minmay_box_of_dots
D:3:      layout_basic, shapermc_ecumenical_altar_pompeii,
          minmay_three_crescents
D:4:      layout_gridville, st_stairs_1
D:5:      layout_basic, nicolae_ru_path_of_blood, minmay_between, uniq_pikel
D:6:      layout_loops_cross, minmay_temple_entry_wispy,
          minmay_increasing_density
D:7:      layout_cave_pools, enter_bailey_7, amcnicky_mini_pool_small,
          minmay_misc_feat_plants, roderic_roman_lattice
Temple:   minmay_temple_curvy_loop

Skill      XL: |  1  2  3  4  5  6  7  8  9 |
---------------+----------------------------+-----
Staves         | 4 5 6 7 8 10 | 10.8
Armour         | 1 2 3 5 7 |  7.7
Dodging        | 4 5 |  5.9
Fighting       | 3 4 5 6 |  6.5
Throwing       | |  2.0

Action                   |  1- 3 |  4- 6 |  7- 9 || total
-------------------------+-------+-------+-------++-------
Melee: Quarterstaff      |    82 |   111 |   213 ||   406
       Headbutt          |    16 |    20 |    40 ||    76
Throw: Throwing net      |       |     1 |       ||     1
  Use: Scroll            |       |     2 |     3 ||     5
Armor: Leather armour    |    12 |       |       ||    12
       Scale mail        |    15 |    14 |       ||    29
       Chain mail        |       |    30 |   134 ||   164
Dodge: Dodged            |    45 |    59 |   124 ||   228
